AoeStats
← asdt560

Migration

509361296Analyzed
1v1 RM · 5d ago on Sep 26, 2026· 61m 8s· 2 players
Game mode
Random Map
Map size
132×132
Population
200
Speed
Normal
Resources
Standard
Victory
Conquest
Starting age
Dark Age
Ending age
Imperial Age
RankedLock teamsTeams togetherTeam positionsShared explorationLock speedFull tech treeHidden civsTurbo modeCheats
Victory
Defeat
🇦🇷 Byzantines · Argentina
1037
+18
🇮🇱 Burmese · Israel
1083
-18
Dark_Wave
11:26 Feudal Age
11:42 Loom
16:16 Castle Age
16:05 Horse Collar
16:17 Gold Mining
17:43 Wheelbarrow
17:48 Gold Shaft Mining
17:31 Town Watch
18:42 Hand Cart
24:02 Redemption
24:26 Man-at-Arms
29:22 Long Swordsman
30:02 Squires
30:12 Heavy Plow
30:24 Murder Holes
30:10 Treadmill Crane
31:07 Forging
30:57 Scale Mail Armor
30:51 Stone Mining
31:26 Gambesons
31:29 Arson
32:34 Squires
33:33 Manipur Cavalry
33:29 Pikeman
34:51 Scale Mail Armor
35:48 Town Patrol
40:41 Imperial Age
38:39 Fervor
38:55 Sanctity
39:19 Iron Casting
39:17 Masonry
40:45 Iron Casting
41:38 Chain Mail Armor
42:01 Husbandry
42:11 Bloodlines
41:38 Two-Handed Swordsman
41:39 Halberdier
42:54 Conscription
43:31 Howdah
44:02 Champion
45:29 Scale Barding Armor
46:12 Elite Battle Elephant
50:29 Blast Furnace
49:59 Plate Mail Armor
54:09 Light Cavalry
59:22 Capped Ram
asdt560
11:21 Feudal Age
12:01 Double-Bit Axe
13:13 Loom
14:29 Horse Collar
19:28 Castle Age
17:23 Fishing Lines
19:00 Wheelbarrow
20:41 Medium Warships
20:26 Gillnets
24:57 Bow Saw
24:58 Heavy Plow
31:37 Imperial Age
30:16 Husbandry
30:26 Scale Barding Armor
30:32 Forging
31:36 Hand Cart
32:30 Cavalier
33:35 Chain Barding Armor
33:59 Iron Casting
36:45 Plate Barding Armor
36:02 Fletching
36:14 Padded Archer Armor
38:29 Conscription
38:23 Logistica
40:06 Two-Man Saw
40:11 Guilds
40:28 Elite Cataphract
42:54 Crop Rotation
42:27 Bodkin Arrow
42:29 Gold Mining
42:30 Stone Mining
44:15 Hoardings
46:45 Scale Mail Armor
46:48 Bracer
47:05 Leather Archer Armor
47:41 Squires
47:02 Pikeman
47:28 Gambesons
47:29 Arson
48:13 Halberdier
53:27 Chemistry
52:24 Murder Holes
54:12 Paladin
Connection lost

Rejoining the realm…

Still unreachable

The connection could not be restored.

Session expired

The server has moved on; the page needs a fresh start.